 Dungeon Crawl Stone Soup version 0.31-a0-859-g9dce7d3444 (webtiles) character file.

Game seed: 3094145885510133326

559 BinkBink the Skirmisher (level 7, -3/33 HPs)
             Began as a Spriggan Hunter on Oct 10, 2023.
             Was an Initiate of Hepliaklqana.
             Shot with an arrow by a centaur (12 damage)
             ... on level 5 of the Dungeon.
             The game lasted 00:07:08 (4067 turns).

BinkBink the Skirmisher (Spriggan Hunter)           Turns: 4067, Time: 00:07:08

Health: -3/33      AC:  3    Str:  7    XL:     7   Next: 9%
Magic:  8/8        EV: 18    Int: 11    God:    Hepliaklqana [......]
Gold:   197        SH:  0    Dex: 20    Spells: 6/6 levels left

rFire   . . .        a - +0 shortbow
rCold   . . .        (shield currently unavailable)
rNeg    . . .        c - +0 robe
rPois   .            (helmet restricted)
rElec   .            f - +0 cloak
rCorr   .            (gloves unavailable)
SInv    +            (boots unavailable)
Will    +....        (no amulet)
Stlth   ++           (no ring)
HPRegen 0.25/turn    (no ring)
MPRegen 0.11/turn

%: no passive effects
@: very quick
A: very small, no large weapons, unfitting armour, see invisible, speed 3
a: Renounce Religion


You were on level 5 of the Dungeon.
You worshipped Hepliaklqana.
Hepliaklqana was noncommittal.
You visited 2 branches of the dungeon, and saw 6 of its levels.

You collected 197 gold pieces.

Inventory:

Hand Weapons
 a - a +0 shortbow (weapon)
Missiles
 t - a throwing net
Armour
 c - a +0 robe (worn)
 f - a +0 cloak (worn)
Scrolls
 b - 2 scrolls of butterflies
 g - a scroll of poison {unknown}
 j - 2 scrolls of fog {unknown}
 l - a scroll of blinking {unknown}
 n - 2 scrolls of revelation {unknown}
 o - a scroll of silence {unknown}
 p - 2 scrolls of amnesia
 q - 2 scrolls of noise {unknown}
 r - a scroll of enchant armour {unknown}
Potions
 d - 2 potions of enlightenment {unknown}
 e - a potion of degeneration {unknown}
 h - 2 potions of heal wounds {unknown}
 i - 2 potions of cancellation {unknown}
 k - 2 potions of curing
 m - 2 potions of mutation
 s - a potion of brilliance {unknown}


   Skills:
 - Level 1.5 Fighting
 + Level 8.6 Ranged Weapons
 - Level 2.6 Dodging
 - Level 1.5 Stealth


You had 6 spell levels left.
You didn't know any spells.
Your spell library contained the following spells:

 Spells                   Type           Power      Damage    Failure   Level
 Apportation              Tloc           0%         N/A       34%         1
 Jinxbite                 Hex            0%         N/A       47%         2
 Frozen Ramparts          Ice            0%         1d1       71%         3
 Petrify                  Tmut/Erth      0%         N/A       98%         4
 Alistair's Intoxication  Tmut/Pois      0%         N/A       100%        5
 Metabolic Englaciation   Hex/Ice        0%         N/A       100%        5


Dungeon Overview and Level Annotations

Branches:
Dungeon (5/15)             Temple (1/1) D:4

Altars:
Ashenzari
Cheibriados
Dithmenos
Elyvilon
Fedhas
Gozag
Hepliaklqana
Kikubaaqudgha
Makhleb
Nemelex Xobeh
Ru
Sif Muna
Uskayaw
Vehumet
Wu Jian
Xom
Yredelemnul
Zin
The Shining One


Innate Abilities, Weirdness & Mutations

You are very small and have problems with some larger weapons.
You are too small for most types of armour.
You have supernaturally acute eyesight. (SInv)
You cover ground extremely quickly. (Speed+++)


Message History

You shoot an arrow.
The arrow hits the gnoll but does no damage.
The gnoll misses you.
You shoot an arrow. The arrow hits the gnoll.
The gnoll is moderately wounded.
You shoot an arrow. The arrow hits the gnoll.
The gnoll is severely wounded.
The gnoll misses you.
You shoot an arrow. The arrow hits the gnoll.
The gnoll is almost dead.
The gnoll misses you.
You shoot an arrow. The arrow closely misses the gnoll.
The gnoll closely misses you.
You shoot an arrow. The arrow hits the gnoll!
You kill the gnoll!
t - a throwing net
There is an open door here.
You now have 197 gold pieces (gained 11).
Found a stone staircase leading down.
Found a leather armour.
There is a stone staircase leading down here.
Found a shimmering altar of Xom.
You see here a +0 leather armour.
You open the door.
A centaur comes into view.
Found 8 gold pieces.
You shoot an arrow.
The arrow hits the centaur but does no damage.
The centaur shouts!
The centaur wields a +0 shortbow.
The centaur shoots an arrow.
The arrow hits you.
You shoot an arrow. The arrow hits the centaur!
The centaur is moderately wounded.
The centaur shoots an arrow.
The arrow hits you!
You shoot an arrow. The arrow hits the centaur.
The centaur is heavily wounded.
The centaur shoots an arrow.
The arrow hits you!
* * * LOW HITPOINT WARNING * * *
The centaur shoots an arrow.
The arrow hits you!
You die...

#.≈...≈§#
##.≈.8.≈§#
##....§§§.#
#....######
##.####
##..# #####
#..##
......#.##
.$....'@#
......###
..... ....
... .c .


You could see a centaur.

Vanquished Creatures
  A phantom (D:4)
  A bullfrog (D:3)
  A scorpion (D:4)
  A jelly (D:4)
  2 hounds
  3 iron imps (D:3)
  4 gnolls (D:5)
  7 adders
  A worm (D:2)
  5 dart slugs
  6 orcs
  3 bats
  5 endoplasms
  7 giant cockroaches
  9 goblins
  4 hobgoblins
  5 jackals
  5 ball pythons
  3 frilled lizards
  10 kobolds
  3 rats
86 creatures vanquished.

Notes
Turn   | Place    | Note
-------+----------+-------------------------------------------
     0 | D:1      | BinkBink the Spriggan Hunter began the quest for the Orb.
     0 | D:1      | Reached XP level 1. HP: 10/10 MP: 2/2
    99 | D:1      | Reached XP level 2. HP: 14/14 MP: 3/3
   373 | D:1      | Reached skill level 5 in Ranged Weapons
   415 | D:1      | Reached XP level 3. HP: 18/18 MP: 4/4
  1234 | D:2      | Reached XP level 4. HP: 22/22 MP: 5/5
  1695 | D:3      | Reached skill level 6 in Ranged Weapons
  1839 | D:3      | Reached XP level 5. HP: 18/25 MP: 6/6
  2016 | D:3      | Found a faded altar of an unknown god.
  2147 | D:3      | You fall into a shaft and drop 2 floors!
  2147 | D:5      | Entered Level 5 of the Dungeon
  2198 | D:4      | Noticed a phantom
  2235 | D:4      | Killed a phantom
  2236 | D:4      | Reached skill level 7 in Ranged Weapons
  2331 | D:4      | Reached XP level 6. HP: 30/30 MP: 7/7
  2348 | D:3      | Found a burning altar of Makhleb.
  2491 | D:3      | Identified the +7 chain mail of the Comet {+Inv rC+ Will+
                  | Str+2}
  2675 | D:4      | Found a hide-covered altar of Uskayaw.
  2681 | D:4      | Identified the +6 whip "Gydeile" {pain, MP+9}
  2692 | D:4      | Found an opulent altar of Gozag.
  2724 | D:4      | Found a shadowy altar of Dithmenos.
  2780 | D:4      | Found a shimmering blue altar of Sif Muna.
  2871 | D:4      | Found a staircase to the Ecumenical Temple.
  2878 | Temple   | Entered the Ecumenical Temple
  3075 | Temple   | Became a worshipper of Hepliaklqana the Forgotten
  3130 | D:4      | Found a broken altar of Ashenzari.
  3212 | D:4      | Reached skill level 8 in Ranged Weapons
  3670 | D:4      | Reached XP level 7. HP: 30/33 MP: 8/8
  4039 | D:5      | Found a shimmering altar of Xom.
  4067 | D:5      | Shot with an arrow by a centaur

Illustrated notes

Levels and vault maps discovered:
D:1:      dpeg_arrival_shelter, layout_loops_ring
D:2:      layout_loops_ring
D:3:      layout_basic, demons_altar, nicolae_ecumenical_oubliette,
          amcnicky_mini_corridor_feature, serial_bayou_pond_a
D:4:      layout_cave_pods, nicolae_overflow_crystal_walls,
          nicolae_dithmenos_shadow_blocks, led_sif_pool, lemuel_doored_altar,
          eat_drink_and_be_merry_uskayaw, minmay_temple_entry_overgrown
D:5:      layout_basic, mainiacjoe_overflow_catwalk, minmay_misc_feat_nine_boxes
Temple:   minmay_temple_forest_path

Skill      XL: |  1  2  3  4  5  6 |
---------------+-------------------+-----
Ranged Weapons | 5 6 7 8 |  8.6
Fighting       | |  1.5
Dodging        | |  2.6
Stealth        | |  1.5

Action                     |  1- 3 |  4- 6 |  7- 9 || total
---------------------------+-------+-------+-------++-------
   Fire: Shortbow          |   107 |   180 |    21 ||   308
    Use: Scroll            |       |     3 |       ||     3
 Armour: Robe              |    10 |    14 |     4 ||    28
  Dodge: Dodged            |    24 |    39 |     5 ||    68

Table legend: (Time is in decaauts)
 A = Elapsed time spent in this place.
 B = Non-inter-level travel time spent in this place.
 C = Inter-level travel time spent in this place.
 D = Time resting spent in this place.
 E = Time spent auto-exploring this place.
 F = Levels seen in this place.
 G = Mean time per level.
                   A        B        C        D        E       F      G
               +--------+--------+--------+--------+--------+-----+--------+
         Total |   2834 |   2532 |    302 |    382 |   1437 |   6 |  472.3 |
       Dungeon |   2697 |   2526 |    171 |    382 |   1437 |   5 |  539.4 |
        Temple |    137 |      6 |    131 |      0 |      0 |   1 |  137.0 |
               +--------+--------+--------+--------+--------+-----+--------+

Top non-repeatable levels by time:
     D:2: 835 daAuts
     D:4: 704 daAuts
     D:3: 574 daAuts
     D:1: 374 daAuts
     D:5: 208 daAuts
  Temple: 137 daAuts
